 Dungeon Crawl Stone Soup version 0.30-a0-1160-g6e42c06551 (webtiles) character file.

Game seed: 17886031424233639245

23587 meatpath the Fighter (level 12, -4/175 HPs)
             Began as a White Draconian Berserker on Apr 26, 2023.
             Was a High Priest of Trog.
             Slain by a seven-headed hydra (13 damage)
             ... on level 13 of the Dungeon.
             The game lasted 00:37:41 (12990 turns).

meatpath the Fighter (White Draconian Berserker)   Turns: 12990, Time: 00:37:42

Health: -4/175     AC: 12    Str: 22    XL:     12   Next: 73%
Magic:  12/12      EV: 17    Int:  7    God:    Trog [*****.]
Gold:   677        SH:  0    Dex: 19    Spells: 11/11 levels left

rFire   . . .        G - +7 morningstar "Damp Newtbane" {heavy, rElec Dex+2}
rCold   + . .        a - +0 buckler
rNeg    . . .        (body armour unavailable)
rPois   .            C - +0 hat {Stlth+}
rElec   +            z - +0 cloak
rCorr   .            v - +0 pair of fencer's gloves {Riposte Dex+3}
SInv    .            g - +1 pair of boots
Will    .....        d - amulet of reflection Stlth
                     (no ring)
HPRegen 0.49/turn    (no ring)
MPRegen 0.13/turn

%: reflection
@: confused, berserking (expiring), lethally poisoned (-4 -> -14), slowed
A: breathe frost, AC +8, unfitting armour, cold resistance 1, cold-blooded
a: Breathe Frost, Renounce Religion, Berserk, Trog's Hand, Brothers in Arms


You were on level 13 of the Dungeon.
You worshipped Trog.
Trog was extremely pleased with you.
You visited 1 branch of the dungeon, and saw 13 of its levels.
You also visited: Sewer.

You collected 677 gold pieces.

Inventory:

Hand Weapons
 G - the +7 morningstar "Damp Newtbane" (weapon) {heavy, rElec Dex+2}
   (Trog gifted it to you on level 9 of the Dungeon)

   Dex:       It affects your dexterity (+2).
   rElec:     It insulates you from electricity.
Missiles
 B - a throwing net (quivered)
Armour
 a - a +0 buckler (worn)
 g - a +1 pair of boots (worn)
 v - the +0 pair of fencer's gloves (worn) {Riposte Dex+3}
   (You acquired it on level 4 of the Dungeon)

   Riposte:   It allows the wearer to riposte with melee weapons, swiftly
   retaliating against missed or blocked melee attacks.
   Dex:       It affects your dexterity (+3).
 z - a +0 cloak (worn)
 C - a +0 hat of stealth (worn)
Jewellery
 d - an amulet of reflection (around neck)
 F - a ring of fire
Wands
 k - a wand of flame (21)
 m - a wand of polymorph (11)
 D - a wand of paralysis (18)
 J - a wand of mindburst (3)
Scrolls
 b - 4 scrolls of enchant weapon
 h - 4 scrolls of noise
 i - 2 scrolls of magic mapping
 p - 3 scrolls of vulnerability
 r - a scroll of fear
 s - 4 scrolls of teleportation
 y - 3 scrolls of fog
 A - 5 scrolls of immolation
 E - 2 scrolls of silence
 I - 2 scrolls of blinking {unknown}
 K - a scroll of torment {unknown}
 M - a scroll of identify
Potions
 c - 3 potions of might
 e - a potion of flight {unknown}
 f - 5 potions of brilliance
 j - 4 potions of cancellation
 l - 10 potions of heal wounds
 n - 2 potions of magic {unknown}
 o - 3 potions of mutation
 q - 2 potions of haste
 t - a potion of ambrosia {unknown}
 u - 2 potions of attraction {unknown}
 w - 2 potions of degeneration {unknown}
 x - 3 potions of curing {unknown}
 L - 2 potions of resistance {unknown}
Miscellaneous
 H - a condenser vane


   Skills:
 + Level 14.0 Fighting
 + Level 12.9 Maces & Flails
 - Level 7.7 Dodging
 + Level 9.9 Shields


You had 11 spell levels left.
You didn't know any spells.
Your spell library was empty.

Dungeon Overview and Level Annotations

Branches:
Dungeon (13/15)            Temple (0/1) D:5            Lair (0/5) D:9
    Orc (0/2) D:11          Sewer (visited)
 Vaults: D:13-14

Altars:
Ashenzari
Dithmenos
Elyvilon
Fedhas
Gozag
Hepliaklqana
Kikubaaqudgha
Makhleb
Nemelex Xobeh
Ru
Trog
Vehumet
Wu Jian
Yredelemnul

Shops:
D:12 *

Annotations:
D:12 Urug


Innate Abilities, Weirdness & Mutations

You can breathe waves of freezing cold which knock back foes.
Your icy white scales are hard. (AC +8)
You cannot fit into any form of body armour.
Your flesh is cold resistant. (rC+)
You are cold-blooded and may be slowed by cold attacks.


Message History

The boulder beetle bites you but does no damage.
The hell hound barely misses you.
You're too confused to move!
The meliai hits you! The meliai stings you.
The meliai hits you but does no damage.
The meliai stings you but does no damage.
The hell hound bites you! The boulder beetle bites you!
* * * LOW HITPOINT WARNING * * *
The skeletal warrior hits you with a +0 dire flail.
* * * LOW HITPOINT WARNING * * *
You bump into the rock wall.
You feel a strong urge to attack something.
The meliai misses you. The meliai closely misses you.
The hell hound bites you but does no damage.
The seven-headed hydra barely misses you. x3
The seven-headed hydra completely misses you.
The seven-headed hydra bites you.
* * * LOW HITPOINT WARNING * * *
The seven-headed hydra bites you.
* * * LOW HITPOINT WARNING * * *
The seven-headed hydra bites you but does no damage.
The meliai closely misses you. The meliai stings you!
* * * LOW HITPOINT WARNING * * *
You are poisoned.
The meliai poisons you! The skeletal warrior barely misses you.
The boulder beetle bites you but does no damage.
The hell hound bites you!
* * * LOW HITPOINT WARNING * * *
You miss the meliai.
Your tail-slap misses the meliai.
You feel very sick.
The meliai changes into a queen bee!
The hell hound barely misses you.
The seven-headed hydra bites you but does no damage.
The seven-headed hydra closely misses you.
The seven-headed hydra bites you but does no damage.
The seven-headed hydra bites you.
* * * LOW HITPOINT WARNING * * *
The seven-headed hydra bites you!
* * * LOW HITPOINT WARNING * * *
The seven-headed hydra bites you but does no damage.
The seven-headed hydra bites you!
You die...

.## ####.######......
.'.. #................
.'..##.........#......
#..#................
#............†......
####.....>......#.#.
##### #####.........####
.....##..)....y.D...#
.?.....)######h@z.###
#..........###†#BE......
...............°hh##....
.##............#..# ...
..................E ..
................#..○ .
........(...........°
##.................#.°
#................


You could see a boulder beetle, a seven-headed hydra, a skeletal warrior, a
queen bee shaped shifter, 2 fire elementals and 3 hell hounds.

Vanquished Creatures
  Gastronok (D:8)
  A boulder beetle (D:12)
  2 skeletal warriors (D:13)
  A manticore (D:12)
  An ugly thing (D:13)
  The ghost of ziggurnaut the Zephyrmancer, a novice DEAE of Hepliaklqana (D:7)
  11 centaur zombies
  5 cyclopes
  An unseen horror zombie (D:10)
  A kobold demonologist (D:13)
  A troll (D:9)
  A hornet (D:9)
  37 yaks
  6 shadows
  5 wyverns
  A water elemental (D:11)
  3 wraiths
  Grum (D:9)
  A steam dragon (D:9)
  A basilisk (D:7)
  4 vampire mosquitoes (D:13)
  A two-headed ogre zombie (D:11)
  2 acid dragons (D:10)
  4 water moccasins (D:9)
  A hell hound (D:13)
  2 orc warriors
  Duvessa (D:5)
  A hornet zombie (D:7)
  A black bear (D:8)
  An ice beast (D:8)
  3 ogres
  7 centaurs
  2 phantoms
  3 wolves (D:8)
  3 kobold brigands
  4 bullfrogs
  3 scorpions
  A gnoll sergeant (D:6)
  4 necrophages (D:7)
  A troll zombie (D:11)
  Dowan (D:5)
  12 killer bees (D:9)
  5 howler monkeys
  8 electric eels (D:11)
  2 hounds
  A gnoll bouda (D:6)
  4 jellies
  3 orc priests
  A sleepcap (D:6)
  3 iguanas
  10 orc wizards
  A killer bee zombie (D:7)
  6 ogre zombies (D:11)
  3 howler monkey zombies
  5 adders
  7 gnolls (D:6)
  A shadow imp (D:6)
  2 white imps
  A dart slug (D:2)
  4 worms
  32 orcs
  6 ball pythons
  13 bats
  10 endoplasms
  2 giant cockroaches (D:4)
  5 goblins
  8 hobgoblins
  5 quokkas
  4 frilled lizards
  3 goblin skeletons (D:11)
  4 goblin zombies (D:11)
  2 hobgoblin skeletons (D:11)
  3 hobgoblin zombies (D:11)
  29 kobolds
  2 orc skeletons (D:11)
  11 orc zombies (D:11)
  13 rats
363 creatures vanquished.

Vanquished Creatures (others)
  An unseen horror (D:11)
  4 bushes
  4 fungi
  30 plants
  3 withered plants
42 creatures vanquished.

Grand Total: 405 creatures vanquished

Notes
Turn   | Place    | Note
-------+----------+-------------------------------------------
     0 | D:1      | meatpath the Draconian Berserker began the quest for the
                  | Orb.
     0 | D:1      | Reached XP level 1. HP: 19/19 MP: 1/1
   136 | D:1      | Reached XP level 2. HP: 11/26 MP: 2/2
   478 | D:1      | Reached ** piety under Trog
   599 | D:1      | Found a faded altar of an unknown god.
   650 | D:1      | Reached XP level 3. HP: 33/33 MP: 3/3
   974 | D:2      | Reached skill level 4 in Fighting
  1554 | D:2      | Identified a scroll of acquirement
  1555 | D:2      | Acquired an amulet of reflection
  1579 | D:3      | Identified the +1 dagger "Dootam" {flame, rF+ rC+ Will+
                  | rCorr}
  1698 | D:3      | Found an opulent altar of Gozag.
  1705 | D:3      | Found an opulent altar of Gozag.
  1710 | D:3      | Found an opulent altar of Gozag.
  1773 | D:3      | Found a sparkling altar of Nemelex Xobeh.
  1813 | D:3      | Reached XP level 4. HP: 40/40 MP: 4/4
  1858 | D:3      | Found a glowing drain.
  1892 | Sewer    | Entered a sewer
  1910 | Sewer    | Noticed a kobold brigand
  1920 | Sewer    | Killed a kobold brigand
  1921 | Sewer    | Reached XP level 5. HP: 47/47 MP: 5/5
  2166 | Sewer    | Reached *** piety under Trog
  2491 | D:3      | Noticed a centaur
  2502 | D:3      | Killed a centaur
  2503 | D:3      | Reached skill level 5 in Fighting
  2510 | D:3      | Reached XP level 6. HP: 47/56 MP: 6/6
  2642 | D:3      | Found an opulent altar of Gozag.
  2709 | D:3      | Found a white marble altar of Elyvilon.
  2857 | D:4      | Found a radiant altar of Vehumet.
  2922 | D:4      | Reached skill level 5 in Maces & Flails
  3203 | D:4      | Acquired the +0 pair of fencer's gloves {Riposte Dex+3}
  3203 | D:4      | Found the +0 pair of fencer's gloves {Riposte Dex+3}
  3210 | D:5      | Entered Level 5 of the Dungeon
  3348 | D:5      | Your scales start taking on an icy white colour.
  3348 | D:5      | Reached XP level 7. HP: 62/62 MP: 7/7
  3348 | D:5      | Gained mutation: Your flesh is cold resistant. (rC+) [White
                  | Draconian growth]
  3367 | D:5      | Reached skill level 6 in Fighting
  3367 | D:5      | Reached skill level 5 in Dodging
  3391 | D:5      | Reached **** piety under Trog
  3448 | D:5      | Identified the +2 hand axe of Oozing Pus {freeze, Fly}
  3468 | D:5      | Found a bloodstained altar of Trog.
  3563 | D:5      | Noticed Dowan
  3563 | D:5      | Noticed Duvessa
  3570 | D:5      | Killed Duvessa
  3582 | D:5      | Killed Dowan
  3762 | D:5      | Found a broken altar of Ashenzari.
  3762 | D:5      | Found a shadowy altar of Dithmenos.
  3784 | D:5      | Found a staircase to the Ecumenical Temple.
  3810 | D:5      | Reached XP level 8. HP: 50/71 MP: 8/8
  3974 | D:5      | Found a burning altar of Makhleb.
  4315 | D:6      | Reached skill level 7 in Fighting
  4551 | D:6      | Identified the staff of earth "Quyhon" {rF- rCorr Str-3
                  | Int+8}
  5307 | D:7      | Reached skill level 8 in Fighting
  5309 | D:7      | Found a runed translucent door.
  5309 | D:7      | Noticed ziggurnaut's ghost (novice DEAE)
  5410 | D:7      | Found a blossoming altar of Fedhas.
  5535 | D:7      | Reached XP level 9. HP: 63/81 MP: 9/9
  5603 | D:7      | Identified the +5 hand axe "Toataoq" {heavy, rPois Str+4}
  5995 | D:7      | Killed ziggurnaut's ghost
  6086 | D:8      | Reached skill level 9 in Fighting
  6678 | D:8      | Reached skill level 1 in Shields
  6822 | D:8      | Found a hazy altar of Hepliaklqana.
  6888 | D:8      | Noticed Gastronok
  6938 | D:8      | Killed Gastronok
  6939 | D:8      | Reached XP level 10. HP: 45/93 MP: 10/10
  7252 | D:8      | Reached skill level 10 in Fighting
  7448 | D:9      | Noticed Grum
  7526 | D:9      | Killed Grum
  7526 | D:9      | Reached ***** piety under Trog
  7848 | D:9      | Reached skill level 5 in Shields
  7851 | D:9      | Reached skill level 10 in Maces & Flails
  7855 | D:9      | Reached skill level 11 in Fighting
  8001 | D:9      | Reached XP level 11. HP: 65/102 MP: 11/11
  8137 | D:9      | Found a staircase to the Lair.
  8266 | D:9      | Found a sacrificial altar of Ru.
  8343 | D:9      | Identified the +7 morningstar "Damp Newtbane" {heavy, rElec
                  | Dex+2} (Trog gifted it to you on level 9 of the Dungeon)
  8343 | D:9      | Received a gift from Trog
  8473 | D:9      | Found an ornate altar of the Wu Jian Council.
  8684 | D:10     | Entered Level 10 of the Dungeon
  8939 | D:10     | Found an ancient bone altar of Kikubaaqudgha.
  9063 | D:10     | Found a basalt altar of Yredelemnul.
  9083 | D:10     | Reached skill level 12 in Fighting
  9909 | D:11     | Found a staircase to the Orcish Mines.
 10048 | D:11     | Reached XP level 12. HP: 98/113 MP: 12/12
 10058 | D:11     | Received a gift from Trog
 10551 | D:11     | Reached skill level 13 in Fighting
 11813 | D:12     | Found Enen's Profane Products.
 11872 | D:12     | Noticed a boulder beetle
 11884 | D:12     | Killed a boulder beetle
 12175 | D:12     | Noticed Urug
 12974 | D:13     | Noticed a boulder beetle
 12982 | D:13     | Noticed a seven-headed hydra
 12984 | D:13     | Reached skill level 14 in Fighting
 12990 | D:13     | Slain by a seven-headed hydra

Illustrated notes

Levels and vault maps discovered:
D:1:      wheals_arrival_shading, layout_loops_cross,
          ebering_ecumenical_altar_abandoned, minmay_misc_feat_diagonals,
          minmay_misc_feat_alley, chequers_serial_rivers_small_b
D:2:      layout_loops_ring
D:3:      layout_loops_ring, nicolae_gozag_conspicuous_consumption,
          nemelex_spade_bored_becter, general_overflow_altar,
          cheibrodos_sewer_entry_sluice, roderic_batcave
D:4:      layout_basic, nicolae_vehumet_radiance
D:5:      layout_cave_pools, lemuel_coloured_pillars_altar,
          mainiacjoe_overflow_small_starburst, gammafunk_temple_overflow_wave,
          temple_doors_cd, minmay_stone_trees_medium, hex_medium, minivault_4,
          uniq_duvessa
D:6:      minmay_evil_eye, layout_loops_ring, kennysheep_another_room
D:7:      layout_rooms, fedhas_altar_decomposition, gammafunk_ghost_grave
D:8:      layout_loops_corners, kennysheep_mini_moat, hex_large, uniq_gastronok
D:9:      layout_big_octagon, mainiacjoe_overflow_boulevard,
          nzn_wu_jian_council_hall, minmay_lair_entry_grove, uniq_grum
D:10:     layout_loops_ring, amcnicky_altar_gilded,
          nicolae_yredelemnul_corpse_copse, evilmike_minifort
D:11:     layout_basic, zombieorc2_lemuel
D:12:     layout_cave_pools, serial_co_window_serial, co_window_paths_a,
          co_window_corner_a, co_window_paths_a, co_window_corner_a,
          co_window_paths_b, co_window_paths_b, co_window_paths_a,
          co_window_cross_1, co_window_paths_a, co_window_unsneaky_path_b,
          co_window_of_opportunity_b, co_window_broadway_b,
          co_window_of_opportunity_b, co_window_2corner, co_window_broadway_c,
          co_window_4corner_a, nicolae_evil_shop, uniq_urug
D:13:     layout_rooms, serial_undead, serial_undead_b, serial_undead_b,
          serial_undead_e, serial_undead_e, hangedman_corner_corridor,
          uniq_azrael

Skill      XL: |  1  2  3  4  5  6  7  8  9 10 11 12 |
---------------+-------------------------------------+-----
Dodging        | 3 4 5 6 7 |  7.7
Fighting       | 4 5 6 8 9 11 12 14 | 14.0
Maces & Flails | 4 5 6 7 9 10 11 12 | 12.9
Shields        | 3 5 8 9 |  9.9

Action                     |  1- 3 |  4- 6 |  7- 9 | 10-12 || total
---------------------------+-------+-------+-------+-------++-------
  Melee: Mace              |   123 |   188 |   321 |   208 ||   840
         Tailslap          |    14 |    29 |    73 |   102 ||   218
         Punch             |     4 |     3 |     3 |       ||    10
         Morningstar       |       |       |       |   240 ||   240
 Invoke: Berserk           |     3 |     2 |     6 |     5 ||    16
Ability: Breathe Frost     |       |       |     4 |       ||     4
    Use: Scroll            |     4 |     3 |     5 |     7 ||    19
         Potion            |       |       |       |     1 ||     1
   Stab: Sleeping          |     1 |     1 |     3 |     1 ||     6
 Armour: Skin              |    43 |    63 |    90 |   169 ||   365
  Dodge: Dodged            |    81 |   140 |   218 |   329 ||   768
  Block: Other             |     4 |    50 |    73 |       ||   127
         Reflection        |       |       |     2 |    17 ||    19
         Buckler           |       |       |     9 |   305 ||   314
Riposte: Mace              |       |     3 |    96 |    96 ||   195
         Morningstar       |       |       |       |    79 ||    79

Table legend: (Time is in decaauts)
 A = Elapsed time spent in this place.
 B = Non-inter-level travel time spent in this place.
 C = Inter-level travel time spent in this place.
 D = Time resting spent in this place.
 E = Time spent auto-exploring this place.
 F = Levels seen in this place.
 G = Mean time per level.
                   A        B        C        D        E       F      G
               +--------+--------+--------+--------+--------+-----+--------+
         Total |  13369 |  12819 |    550 |   3239 |   6677 |  14 |  954.9 |
       Dungeon |  12980 |  12430 |    550 |   3177 |   6482 |  13 |  998.5 |
         Sewer |    389 |    389 |      0 |     61 |    195 |   1 |  389.0 |
               +--------+--------+--------+--------+--------+-----+--------+

Top non-repeatable levels by time:
    D:11: 1704 daAuts
     D:8: 1441 daAuts
     D:9: 1333 daAuts
     D:6: 1162 daAuts
    D:12: 1066 daAuts
    D:10: 984 daAuts
     D:5: 910 daAuts
     D:3: 898 daAuts
     D:7: 892 daAuts
     D:2: 813 daAuts
     D:1: 809 daAuts
     D:4: 488 daAuts
    D:13: 474 daAuts
   Sewer: 389 daAuts
